 Dungeon Crawl Stone Soup version 0.22-a0-3-g4fa69d9 (webtiles) character file.

401 Lavandula the Reanimator (level 6, -1/33 (34) HPs)
             Began as a Deep Elf Necromancer on Jan 1, 2018.
             Killed by miscasting Borgnjor's Vile Clutch (34 damage)
             ... on level 4 of the Dungeon.
             The game lasted 00:12:52 (4611 turns).

Lavandula the Reanimator (Deep Elf Necromancer)     Turns: 4611, Time: 00:12:53

HP:   -1/33 (34)    AC:  2    Str:  5    XL:     6   Next: 54%
MP:   11/16         EV: 13    Int: 22    God:
Gold: 96            SH:  0    Dex: 15    Spells: 2/15 levels left

rFire    . . .     SeeInvis .   m - +2 short sword (venom)
rCold    . . .     Gourm    +   (no shield)
rNeg     . . .     Faith    .   a - +0 robe
rPois    .         Spirit   .   (no helmet)
rElec    .         Reflect  .   (no cloak)
rCorr    .         Harm     .   (no gloves)
MR       +....                  (no boots)
Stlth    ++........             v - amulet of the gourmand
HPRegen  0.11/turn              g - ring of protection from magic
MPRegen  0.15/turn              (no ring)

@: very slightly contaminated
A: no striking features
a: no special abilities


You were on level 4 of the Dungeon.
You were not hungry.

You visited 1 branch of the dungeon, and saw 4 of its levels.

You collected 96 gold pieces.

Inventory:

Hand Weapons
 i - a +2 hand axe of venom
 m - a +2 short sword of venom (weapon)
Armour
 a - a +0 robe (worn)
 j - a +2 leather armour of poison resistance
Jewellery
 g - a ring of protection from magic (left hand)
 v - an amulet of the gourmand (around neck)
Wands
 n - a wand of digging (18)
Scrolls
 d - 3 scrolls of teleportation
 k - a scroll of enchant armour
 p - a scroll of remove curse
 q - 2 scrolls of magic mapping {unknown}
 s - a scroll of fear {unknown}
 w - a scroll of amnesia {unknown}
Potions
 e - a potion of lignification {unknown}
 f - a potion of brilliance {unknown}
 h - a potion of flight {unknown}
 l - a potion of ambrosia {unknown}
 o - 2 potions of curing
 r - a potion of degeneration {unknown}
 u - a potion of haste {unknown}
Books
 b - a book of Necromancy

   Spells                             Type                      Level
   a - Pain                           Necromancy                   1
   b - Animate Skeleton               Necromancy                   1
   c - Vampiric Draining              Necromancy                   3
   d - Regeneration                   Charms/Necromancy            3
   e - Animate Dead                   Necromancy                   4
   f - Borgnjor's Vile Clutch         Necromancy/Earth             5
Comestibles
 c - 6 rations


   Skills:
 - Level 1.2 Fighting
 - Level 2.4 Dodging
 - Level 2.4 Stealth
 - Level 5.4 Spellcasting
 + Level 8.2 Necromancy


You had 2 spell levels left.
You knew the following spells:

 Your Spells              Type           Power        Failure   Level  Hunger
a - Pain                  Necr           ####         1%          1    None
b - Animate Skeleton      Necr           N/A          1%          1    None
c - Vampiric Draining     Necr           #####.....   1%          3    ##.....
d - Regeneration          Chrm/Necr      ###.......   5%          3    ##.....
e - Borgnjor's Vile Clut  Necr/Erth      ###.......   43%         5    #####..


Dungeon Overview and Level Annotations

Branches:
Dungeon (4/15)
 Temple: D:4-7

Altars:
Yredelemnul

Annotations:
D:3 removed's ghost, amateur KoEn


Message History

You start resting.
Magic restored.
Unknown command.
You climb downwards.
An adder comes into view.
The adder moves out of view.
There is a stone staircase leading up here.
Unknown command.
Casting: Vampiric Draining
Confirm with . or Enter, or press ? or * to list all spells.
The spell is very dangerous to cast!
Continue anyway? [Y]es or [N]o only, please.
The spell is very dangerous to cast!
Continue anyway?
Aiming: Borgnjor's Vile Clutch
Press: ? - help, Dir - move target cursor You miscast Borgnjor's Vile Clutch.
You are very lightly contaminated with residual magic.
You convulse helplessly as pain tears through your body!
Ouch! That really hurt!
You die...

## ..# ... . ...# ..o .#
#...# # # .o..# #...#
... #o ###..########...#
....#.##....#.o.<.......
......%......o..........
#..@................
#.#.#....#.####..... #
.......#.# #.....
##.#.#..#.# #.....
#.#.#..#.# #.....
#........####.....
####.....).###...#
.....###...a....#
###.####..###..g#


You could see an orc wizard and 2 orcs.

Vanquished Creatures
  2 ogres
  2 orc priests (D:3)
  2 worker ants (D:3)
  A gnoll (D:4)
  4 adders
  3 worms
  3 leopard geckos
  10 orcs (D:3)
  6 bats
  5 giant cockroaches
  9 goblins
  5 hobgoblins
  12 kobolds
  A frilled lizard (D:3)
  6 rats
71 creatures vanquished.

Notes
Turn   | Place    | Note
-------+----------+-------------------------------------------
     0 | D:1      | Lavandula the Deep Elf Necromancer began the quest for the Orb.
     0 | D:1      | Reached XP level 1. HP: 10/10 MP: 6/6
   154 | D:1      | Reached skill level 5 in Necromancy
   202 | D:1      | Learned a level 1 spell: Animate Skeleton
   341 | D:1      | Reached XP level 2. HP: 12/15 MP: 2/8
  1461 | D:2      | Reached skill level 6 in Necromancy
  1478 | D:2      | Reached XP level 3. HP: 16/19 MP: 5/9
  1708 | D:2      | Reached skill level 1 in Fighting
  1713 | D:2      | Learned a level 3 spell: Vampiric Draining
  1717 | D:2      | Learned a level 3 spell: Regeneration
  2234 | D:2      | Reached XP level 4. HP: 22/25 MP: 6/11
  2741 | D:3      | Found a basalt altar of Yredelemnul.
  2813 | D:3      | Noticed removed's ghost (amateur KoEn)
  2817 | D:4      | Noticed an ogre
  2817 | D:4      | Noticed an ogre
  2931 | D:3      | Reached skill level 5 in Spellcasting
  2931 | D:3      | Reached XP level 5. HP: 24/29 MP: 6/14
  2938 | D:3      | Learned a level 5 spell: Borgnjor's Vile Clutch
  3839 | D:2      | Killed an ogre
  3839 | D:2      | Reached skill level 7 in Necromancy
  4365 | D:4      | Reached XP level 6. HP: 30/34 MP: 16/16
  4508 | D:4      | Reached skill level 8 in Necromancy
  4611 | D:4      | Killed by miscasting Borgnjor's Vile Clutch

Vault maps used:
D:1:      roderic_dead_forest
D:3:      yredelemnul_altar_generic, st_stairs_3, kennysheep_generic_room_10
D:4:      uniq_robin, uniq_grinder, uniq_sigmund

Skill      XL: |  1  2  3  4  5  6 |
---------------+-------------------+-----
Necromancy     | 5 6 7 8 |  8.2
Fighting       | 1 |  1.2
Spellcasting   | 5 |  5.4
Dodging        | |  2.4
Stealth        | |  2.4

Action                   |  1- 3 |  4- 6 || total
-------------------------+-------+-------++-------
Melee: Unarmed           |     1 |       ||     1
       Short sword       |       |    37 ||    37
 Cast: Pain              |    63 |    42 ||   105
       Animate Skeleton  |    12 |    11 ||    23
       Vampiric Draining |     1 |     2 ||     3
       Borgnjor's Vile C |       |     4 ||     4
  Use: Scroll            |       |     4 ||     4
 Stab: Sleeping          |     1 |       ||     1
  Eat: Chunk             |     3 |    12 ||    15
       Ration            |       |     1 ||     1
Armor: Robe              |     2 |     2 ||     4
Dodge: Dodged            |    10 |    31 ||    41

Table legend:
 A = Spawn XP
 B = Non-spawn XP
 C = Spawn XP percentage of total XP
 D = Spawn monster count
 E = Non-spawn monster count
 F = Spawn count percentage of total count
 G = Total turns spent on level
                    A         B        C        D         E        F      G
               +---------+---------+-------+---------+---------+-------+---------
         Total |       0 |     573 |   0.0 |       0 |      71 |   0.0 |  4611
               +---------+---------+-------+---------+---------+-------+---------
           D:1 |       0 |      28 |   0.0 |       0 |      16 |   0.0 |  1285
           D:2 |       0 |     203 |   0.0 |       0 |      25 |   0.0 |  1520
           D:3 |       0 |     211 |   0.0 |       0 |      27 |   0.0 |  1631
           D:4 |       0 |     131 |   0.0 |       0 |       3 |   0.0 |   175
               +---------+---------+-------+---------+---------+-------+---------
